 Dungeon Crawl Stone Soup version 0.21-a0-633-g4c047d5 (webtiles) character file.

526774 VirginKiller the Sensei (level 23, -3/234 HPs)
             Began as a Demigod Transmuter on Dec 27, 2017.
             Slain by a ghost moth (8 damage)
             ... on level 4 of the Realm of Zot on Dec 28, 2017.
             The game lasted 09:46:26 (36650 turns).

VirginKiller the Sensei (Demigod Transmuter)       Turns: 36650, Time: 09:46:31

Health: -3/234     AC:  9    Str: 14 (15) XL:     23   Next: 19%
Magic:  0/38       EV: 30    Int: 24      God:
Gold:   1080       SH:  4    Dex: 33 (34) Spells: 2/36 levels left

rFire    . . .     SeeInvis .     - Unarmed
rCold    + . .     Gourm    .   (shield currently unavailable)
rNeg     . . .     Faith    .   (armour currently unavailable)
rPois    +         Spirit   .   (helmet currently unavailable)
rElec    +         Reflect  +   (cloak currently unavailable)
rCorr    .         Harm     .   (gloves currently unavailable)
MR       ++...     Rnd*Rage +   (boots currently unavailable) Stlth ++........NoTele +
                                f - amulet "Lymaurar" {Reflect -Tele rElec rC+ Slay+3 SH+4}
HPRegen  0.49/turn              U - ring "Sizaha Kuimm" {rPois EV+4 Int+2 Dex+3}
MPRegen  0.26/turn              z - ring "Ozybod" {Int+3 Dex+3 Slay+3}

@: lethally poisoned (-3 -> -3), hydra-form, slowed, drained, very slow
A: very large, berserk 1, clever 1, deterioration 1, frail 1, high mp 1, wild
magic 1, evolution 1
}: 3/15 runes: serpentine, slimy, silver
a: End Transformation


You were on level 4 of the Realm of Zot.
You were not hungry.
You were an eight-headed hydra.
You visited 9 branches of the dungeon, and saw 50 of its levels.
You visited the Abyss 1 time.
You also visited: Labyrinth, Ice Cave and Volcano.

You collected 6243 gold pieces.
You spent 5163 gold pieces at shops.

Inventory:

Hand Weapons
 b - a +3 blowgun
Missiles
 r - 22 curare-tipped needles
 N - 5 throwing nets (quivered)
Armour
 g - the +0 pair of gloves of Honesty (melded) {rElec Str+3}
   (You found it on level 6 of the Lair of Beasts)

   It affects your strength (+3).
   It insulates you from electricity.
 A - a +2 pair of boots of stealth (melded)
 E - a +2 cloak of fire resistance (melded)
 H - a +2 helmet of intelligence (melded)
 K - a +4 troll leather armour (melded)
Magical Staves
 i - an uncursed staff of cold
 w - an uncursed staff of wizardry (melded)
Jewellery
 f - the amulet "Lymaurar" (around neck) {Reflect -Tele rElec rC+ Slay+3 SH+4}
   (You took it off a deep elf annihilator on level 3 of the Elven Halls)

   [amulet of reflection]

   It shields you and reflects attacks.
   It affects your accuracy and damage with ranged weapons and melee attacks
   (+3).
   It protects you from cold.
   It insulates you from electricity.
   It prevents most forms of teleportation.
   It affects your SH (+4).
 z - the ring "Ozybod" (right foreclaw) {Int+3 Dex+3 Slay+3}
   (You bought it in a shop on level 3 of the Vaults)

   [ring of slaying]

   It affects your intelligence (+3).
   It affects your dexterity (+3).
   It affects your accuracy and damage with ranged weapons and melee attacks
   (+3).
 U - the ring "Sizaha Kuimm" (left foreclaw) {rPois EV+4 Int+2 Dex+3}
   (You found it on level 15 of the Dungeon)

   [ring of evasion]

   It affects your evasion (+4).
   It affects your intelligence (+2).
   It affects your dexterity (+3).
   It protects you from poison.
Wands
 q - a wand of acid (22)
 D - a wand of digging (17)
 I - a wand of clouds (1)
Scrolls
 c - 17 scrolls of remove curse
 h - 22 scrolls of teleportation
 p - 5 scrolls of blinking
 s - 5 scrolls of fear
 t - 6 scrolls of immolation
 x - 4 scrolls of silence
 y - 3 scrolls of fog
 F - 6 scrolls of enchant armour
 P - 4 scrolls of holy word
 S - 3 scrolls of vulnerability
 W - 6 scrolls of summoning
 Z - a scroll of identify
Potions
 m - 5 potions of flight
 n - a potion of berserk rage
 o - 2 potions of haste
 u - 8 potions of curing
 v - 2 potions of agility
 G - 5 potions of ambrosia
 J - a potion of magic
 L - 3 potions of might
 R - 2 potions of resistance
 T - 7 potions of brilliance
 V - 8 potions of heal wounds
Miscellaneous
 B - a lamp of fire
 M - a phial of floods
 Q - a box of beasts
 X - 3 phantom mirrors
Comestibles
 d - 20 rations


   Skills:
 * Level 15.7(14.9) Fighting
 - Level 12.2(11.4) Armour
 - Level 18.1(17.3) Dodging
 - Level 21.6(20.7) Unarmed Combat
 - Level 7.0(6.3) Spellcasting
 - Level 7.3(6.6) Charms
 - Level 9.0(8.3) Necromancy
 - Level 3.5(2.9) Translocations
 - Level 15.1(14.3) Transmutations
 - Level 7.1(6.5) Ice Magic
 - Level 9.1(8.4) Earth Magic


You had 2 spell levels left.
You knew the following spells:

 Your Spells              Type           Power        Failure   Level  Hunger
a - Dragon Form           Tmut           #######...   26%         7    #######
b - Blade Hands           Tmut           #######...   1%          5    #####..
c - Hydra Form            Tmut           #######...   5%          6    ######.
d - Borgnjor's Vile Clut  Necr/Erth      ######....   11%         5    #####..
e - Blink                 Tloc           N/A          6%          2    None
f - Regeneration          Chrm/Necr      ######....   2%          3    None
h - Song of Slaying       Chrm           ######..     1%          2    None
i - Ozocubu's Armour      Chrm/Ice       ######..     3%          3    None
j - Apportation           Tloc           ####..       4%          1    None


Dungeon Overview and Level Annotations

Branches:
Dungeon (15/15)            Temple (0/1) D:7            Lair (6/6) D:9
  Swamp (0/4) Lair:4        Snake (4/4) Lair:3        Slime (5/5) Lair:5
    Orc (2/2) D:9             Elf (3/3) Orc:2        Vaults (5/5) D:14
  Crypt (0/3) Vaults:2     Depths (5/5) D:15            Zot (5/5) Depths:5

Shops:
D:4 =   D:8 *   D:13 [   D:14 [   Orc:2 [(*(   Snake:3 *   Vaults:3 [=*[(
Vaults:4 :   Depths:2 }??

Portals:
Hell: Depths:2 Depths:3
Pandemonium: Depths:3
Trove: D:13 (give 13 potions of heal wounds)

Annotations:
D:8 1 runed door


Innate Abilities, Weirdness & Mutations

You have an increased reservoir of magic. (+10% MP)
((You have sharp toenails.))
You tend to lose your temper in combat.
Your mind is acute. (Int +2)
Your body sometimes deteriorates upon taking damage.
You are frail. (-10% HP)
Your spells are a little harder to cast, but a little more powerful.
You evolve.


Message History

Something misses you.
The red draconian completely misses you.
The death cob hits you!
* * * LOW HITPOINT WARNING * * *
Something hits you!
* * * LOW HITPOINT WARNING * * *
Something hits you but does no damage. Something stings you.
* * * LOW HITPOINT WARNING * * *
The red draconian misses you.
Unknown command.
Unknown command.
Unknown command.
You gouge the red draconian!!
The red draconian is lightly wounded.
You gouge the death cob!!
You gouge something!!
You feel sick. The death cob misses you. The death cob closely misses you.
You feel you are being watched by something.
You feel your power leaking away. Something hits you!
You die...

**,,,,,,,*
*#.,,,,,,**
*#..%..,,**
##.......,*
##.$......****
##....[(...**,**
##.........#*,,,*
##..........#,,,**
##D{........#.,,**
##.dz)..<......,**
##..)))......#.,**
#...)#).....##,**
#....###....#*,*
#....# #....#,,*
#....# #....#,,*
#....# #....#,,*
#....# #....#,,*


You could see a red draconian and a death cob.

Vanquished Creatures
  the Royal Jelly (Slime:5)
  3 ancient liches
  Saint Roka (Orc:2)
  Xtahua (Vaults:3)
  Margery (Depths:4)
  2 golden dragons
  2 bone dragons (Zot:3)
  Jory (Vaults:2)
  Nikola (Depths:1)
  2 liches
  4 titans
  5 tentacled monstrosities
  2 deep elf blademasters (Elf:3)
  Asterion (Elf:2)
  2 quicksilver dragons (Vaults:5)
  2 deep elf master archers (Elf:3)
  3 sphinxes
  13 acid blobs
  2 tentacled starspawn (Abyss:3)
  5 death cobs
  6 storm dragons
  11 shadow dragons
  Donald (Slime:1)
  3 tengu reavers
  2 draconian monks
  10 nagarajas
  6 fire giants
  13 azure jellies
  7 deep elf sorcerers
  3 draconian knights
  2 iron dragons (Vaults:5)
  3 frost giants
  8 vault wardens
  2 draconian scorchers (Zot:2)
  12 ironheart preservers
  2 draconian shifters
  5 deep elf elementalists
  A draconian stormcaller (Zot:2)
  A war gargoyle (Vaults:1)
  11 stone giants
  2 draconian annihilators
  12 very ugly things
  An entropy weaver (shapeshifter) (Vaults:5)
  4 green draconians
  4 deep elf demonologists (Elf:3)
  4 vampire knights
  An entropy weaver (Vaults:5)
  8 yellow draconians
  9 red draconians
  3 purple draconians (Zot:2)
  6 white draconians
  3 black draconians
  6 dire elephants (Lair:6)
  Snorg (D:11)
  A spark wasp (shapeshifter) (Vaults:5)
  7 deep elf annihilators
  A merfolk javelineer (Depths:1)
  6 ettins
  12 death oozes
  Josephine (Orc:2)
  4 deep elf death magi (Elf:3)
  7 fire dragons
  A merfolk impaler (Depths:1)
  2 jiangshi (Depths:2)
  The ghost of Salmacis the Fighter, a journeyman HOFi of Makhleb (D:12)
  14 yaktaur captains
  A minotaur (Lab)
  Fannar (D:11)
  13 ogre magi
  A rakshasa (Depths:1)
  8 great orbs of eyes
  2 deep elf high priests
  32 vault guards
  3 hydras
  Harold (D:10)
  15 naga warriors
  6 ice dragons
  A spriggan air mage (Depths:3)
  14 anacondas
  2 death knights (Vaults:2)
  Erica (Lair:2)
  51 two-headed ogres
  11 centaur warriors
  4 deep troll shamans
  26 dancing weapons
  6 tengu warriors
  4 orc high priests
  2 shock serpents
  3 deep troll earth magi
  A hell hog (Volcano)
  10 naga sharpshooters
  Sonja (Lair:2)
  Nergalle (D:11)
  3 thrashing horrors (Abyss:3)
  4 wretched stars (Abyss:3)
  3 hell knights (Depths:4)
  3 soul eaters (Zot:3)
  30 deep elf knights
  A storm dragon zombie (Depths:1)
  3 iron trolls
  4 salamander mystics
  8 sea snakes (Snake:4)
  A skeletal warrior (D:15)
  2 fire crabs (shapeshifter)
  5 glowing orange brains
  An unseen horror (D:15)
  A spatial maelstrom (Abyss:3)
  16 deep trolls
  14 ironbrand convokers
  21 deep elf archers
  3 flayed ghosts
  An obsidian statue (Zot:3)
  2 wizards
  7 phantasmal warriors
  A harpy (shapeshifter) (Vaults:4)
  7 mana vipers
  4 naga ritualists
  18 orc knights
  4 harpies (Vaults:2)
  3 wolf spiders
  62 deep elf magi
  6 necromancers
  A cyclops (shapeshifter) (Elf:1)
  8 moths of wrath
  4 shining eyes
  12 ugly things
  2 moths of wrath (shapeshifter)
  3 orc sorcerers
  2 wolf spider zombies (D:15)
  An iron dragon skeleton (Depths:1)
  4 cyclopes
  3 manticores
  13 salamanders
  A frost giant skeleton (Depths:1)
  26 black mambas
  6 vault sentinels
  2 ice statues (IceCv)
  Maurice (D:8)
  17 elephants
  2 torpor snails (Lair:1)
  13 naga magi
  6 guardian serpents
  3 gargoyles
  8 spiny frogs
  A spiny frog (shapeshifter) (Vaults:4)
  4 rime drakes
  7 komodo dragons
  40 yaktaurs
  4 kobold demonologists
  2 efreet (D:15)
  2 guardian mummies (Zot:3)
  2 komodo dragons (shapeshifter)
  5 freezing wraiths
  A yaktaur (shapeshifter) (D:15)
  4 tengu conjurers (D:15)
  A demonic crawler (Abyss:3)
  A red devil (Abyss:3)
  2 polar bears
  9 ice devils (IceCv)
  3 hornets
  2 yaktaur skeletons (Depths:1)
  A minotaur skeleton (Lab)
  A queen bee (D:9)
  6 trolls
  A hornet (shapeshifter) (Vaults:4)
  8 blink frogs
  55 slime creatures
  5 raiju (Abyss:3)
  10 hippogriffs
  A dream sheep (shapeshifter) (Vaults:5)
  6 air elementals
  5 small abominations (Abyss:3)
  5 shadows
  An elf simulacrum (Depths:1)
  8 water elementals
  2 fire elementals
  55 yaks
  A human (shapeshifter) (Depths:4)
  A vampire (D:12)
  8 fire bats (Volcano)
  A fire bat (shapeshifter) (Vaults:4)
  5 wraiths
  Eustachio (D:5)
  2 golden eyes (shapeshifter)
  3 wyverns
  4 basilisks
  15 golden eyes
  A vampire mosquito (D:15)
  4 hungry ghosts
  2 steam dragons
  2 chaos spawn (D:10)
  A large abomination (Abyss:3)
  A yaktaur simulacrum (Vaults:2)
  13 wargs
  42 nagas
  2 acid dragons
  2 hell hounds (Volcano)
  4 floating eyes
  4 porcupines
  65 orc warriors
  18 water moccasins
  2 black bears
  3 ice beasts
  4 sky beasts
  2 deep troll simulacra (Depths:1)
  A black bear (shapeshifter) (Elf:1)
  11 eyes of draining
  An eye of draining (shapeshifter) (Vaults:5)
  2 phantoms
  2 centaurs
  41 ogres
  2 necrophages
  10 crocodiles
  2 big kobolds
  3 earth elementals
  13 bullfrogs
  A wyvern zombie (D:14)
  A water moccasin zombie (D:8)
  6 scorpions
  26 killer bees
  4 wights (D:8)
  2 electric eels (D:14)
  6 crimson imps
  2 bullfrog zombies
  3 hounds
  2 quasits (D:10)
  2 draconian simulacra (IceCv)
  2 iron imps
  32 orc priests
  Crazy Yiuf (D:7)
  A jelly (D:10)
  Ijyb (D:3)
  3 bullfrog skeletons
  5 centaur skeletons
  An iguana (shapeshifter) (Vaults:5)
  4 iguanas
  21 orc wizards
  7 worker ants
  3 spriggan simulacra (IceCv)
  A troll simulacrum (IceCv)
  3 centaur simulacra
  A hound zombie (D:9)
  3 worker ant zombies
  3 gnolls (D:4)
  A howler monkey skeleton (D:5)
  15 adders
  3 naga simulacra (IceCv)
  5 shadow imps
  12 white imps (Lair:3)
  2 adder skeletons
  A dart slug (D:3)
  3 leopard geckos
  99 orcs
  9 bats
  9 giant cockroaches
  13 hobgoblins
  11 jackals
  3 quokkas
  2 ball pythons
  3 frilled lizards
  6 goblins
  13 kobolds
  A leopard gecko skeleton (D:4)
  A leopard gecko zombie (D:6)
  4 rats
  A fungus (Lair:4)
  5 plants (Lair:6)
1811 creatures vanquished.

Vanquished Creatures (collateral kills)
  A slime creature (Slime:5)
  A hippogriff (D:7)
  A wraith (Orc:2)
  An ogre (D:6)
  A centaur skeleton (Lab)
  A howler monkey zombie (D:6)
  A leopard gecko (D:6)
7 creatures vanquished.

Vanquished Creatures (others)
  A draconian knight (Zot:2)
  A vault warden (Vaults:5)
  A stone giant (Vaults:5)
  2 deep elf knights
  A deep elf mage (Elf:2)
  A yaktaur (Vaults:5)
  An air elemental (Depths:3)
  A naga (Snake:4)
  An ogre (Vaults:5)
  An orc (D:15)
  2 bushes (Lair:6)
  7 fungi
  18 plants
38 creatures vanquished.

Grand Total: 1856 creatures vanquished

Notes
Turn   | Place    | Note
-------+----------+-------------------------------------------
     0 | D:1      | VirginKiller the Demigod Transmuter began the quest for the Orb.
     0 | D:1      | Reached XP level 1. HP: 15/15 MP: 5/5
   141 | D:1      | Reached XP level 2. HP: 14/22 MP: 7/7
   887 | D:2      | Reached XP level 3. HP: 27/27 MP: 6/8
   905 | D:2      | Learned a level 3 spell: Spider Form
  1335 | D:3      | Reached XP level 4. HP: 11/34 MP: 0/9
  1369 | D:3      | Learned a level 2 spell: Sticks to Snakes
  1501 | D:3      | Noticed Ijyb
  1515 | D:3      | Paralysed by Ijyb for 3 turns
  1526 | D:3      | Killed Ijyb
  1537 | D:3      | Noticed a dagger
  1538 | D:3      | Noticed a hand axe
  1539 | D:3      | Found a hide-covered altar of Uskayaw.
  1658 | D:3      | You fall through a shaft!
  1660 | D:4      | Found Vittabu's Jewellery Boutique.
  1873 | D:4      | Reached skill level 5 in Transmutations
  1873 | D:4      | Reached XP level 5. HP: 18/39 MP: 1/10
  2132 | D:4      | Found a bloodstained altar of Trog.
  2448 | D:5      | Entered Level 5 of the Dungeon
  2449 | D:5      | Noticed an ogre
  2459 | D:5      | Killed an ogre
  2459 | D:5      | Reached XP level 6. HP: 46/46 MP: 7/11
  2521 | D:5      | Found an iron altar of Okawaru.
  2601 | D:5      | Reached skill level 5 in Dodging
  2780 | D:5      | Noticed Eustachio
  2801 | D:5      | Killed Eustachio
  2801 | D:5      | Reached XP level 7. HP: 31/51 MP: 2/12
  3370 | D:7      | Found a basalt altar of Yredelemnul.
  3370 | D:7      | Reached XP level 8. HP: 46/58 MP: 7/13
  3378 | D:7      | Learned a level 4 spell: Ice Form
  3380 | D:7      | Noticed a hippogriff
  3396 | D:7      | Killed a hippogriff
  3647 | D:7      | Found a staircase to the Ecumenical Temple.
  3663 | D:7      | Reached skill level 3 in Unarmed Combat
  3842 | D:7      | Found a runed door.
  3846 | D:7      | Gained mutation: Your muscles are strong. (Str +2) [potion of mutation]
  3846 | D:7      | Gained mutation: Your movements are slightly less encumbered by armour. (ER -2) [potion of mutation]
  3850 | D:7      | Noticed Crazy Yiuf
  3857 | D:7      | Killed Crazy Yiuf
  3960 | D:4      | Bought an uncursed ring of wizardry for 390 gold pieces
  4032 | D:7      | Reached skill level 4 in Unarmed Combat
  4138 | D:8      | Noticed Maurice
  4159 | D:8      | Killed Maurice
  4159 | D:8      | Reached skill level 5 in Unarmed Combat
  4159 | D:8      | Reached XP level 9. HP: 63/63 MP: 9/14
  4160 | D:8      | Reached skill level 6 in Unarmed Combat
  4182 | D:8      | Reached skill level 1 in Fighting
  4226 | D:8      | Found a runed door.
  4276 | D:8      | Found Myhettyu's General Store.
  4521 | D:8      | Noticed a sixfirhy
  4642 | D:9      | Reached skill level 5 in Fighting
  4709 | D:8      | Found an ornate altar of the Wu Jian Council.
  4943 | D:9      | Found a staircase to the Orcish Mines.
  5037 | D:9      | Found a blossoming altar of Fedhas.
  5065 | D:9      | Noticed a centaur warrior
  5086 | D:9      | Killed a centaur warrior
  5086 | D:9      | Reached XP level 10. HP: 88/88 MP: 15/15
  5107 | D:9      | Found a snail-covered altar of Cheibriados.
  5149 | D:9      | Found a staircase to the Lair.
  5434 | D:9      | Got a shimmering chain mail
  5474 | D:9      | Identified the +11 chain mail of Indomitability {MP+9} (You found it on level 9 of the Dungeon)
  5789 | D:9      | Found a radiant altar of Vehumet.
  5864 | Lair:1   | Entered Level 1 of the Lair of Beasts
  5899 | Lair:1   | Found a dark tunnel.
  5904 | Volcano  | Entered a volcano
  5962 | Volcano  | Noticed a fire dragon
  6004 | Volcano  | Killed a fire dragon
  6275 | Volcano  | Noticed a hell hog
  6297 | Volcano  | Killed a hell hog
  6310 | Volcano  | Reached XP level 11. HP: 59/97 MP: 12/17
  6535 | Volcano  | Learned a level 5 spell: Blade Hands
  6856 | Lair:1   | Reached skill level 10 in Transmutations
  6874 | Lair:1   | Learned a level 2 spell: Blink
  6967 | Lair:1   | Found a snail-covered altar of Cheibriados.
  7068 | Lair:2   | Noticed Sonja
  7077 | Lair:2   | Killed Sonja
  7164 | Lair:2   | Noticed Erica
  7181 | Lair:2   | Killed Erica
  7181 | Lair:2   | Reached skill level 5 in Spellcasting
  7743 | Lair:3   | Reached skill level 7 in Unarmed Combat
  7797 | Lair:3   | Found a frozen archway.
  7835 | IceCv    | Entered an ice cave
  8055 | IceCv    | Reached skill level 8 in Unarmed Combat
  8785 | IceCv    | Reached XP level 12. HP: 84/104 MP: 16/23
  8802 | IceCv    | Reached skill level 9 in Unarmed Combat
  8831 | IceCv    | Found the +10 large shield of Ignorance {rN+ Int-4}
  9141 | Lair:3   | Reached skill level 10 in Unarmed Combat
  9150 | Lair:3   | Found a staircase to the Snake Pit.
  9458 | Lair:4   | Reached skill level 11 in Unarmed Combat
  9800 | Lair:4   | Learned a level 3 spell: Ignite Poison
  9804 | Lair:4   | Learned a level 3 spell: Spider Form
  9850 | Lair:4   | Reached skill level 10 in Dodging
  9897 | Lair:5   | Found a labyrinth entrance.
  9906 | Lab      | Entered a labyrinth
  9988 | Lab      | Found an exit through the horrors of the Abyss.
 10089 | Lab      | Noticed a minotaur
 10105 | Lab      | Killed a minotaur
 10133 | Lab      | Got a heavily runed ring mail
 10146 | Lab      | Identified the +1 ring mail of Qago {rPois rF+ rC+} (You found it in a labyrinth)
 10164 | Lair:5   | Noticed a six-headed hydra
 10195 | Lair:5   | Killed a six-headed hydra
 10498 | Lair:5   | Learned a level 3 spell: Regeneration
 10528 | Lair:6   | Entered Level 6 of the Lair of Beasts
 10535 | Lair:6   | Reached skill level 1 in Charms
 10610 | Lair:6   | Reached XP level 13. HP: 105/111 MP: 13/24
 10667 | Lair:6   | Reached skill level 1 in Necromancy
 11014 | Lair:6   | Noticed a dire elephant
 11014 | Lair:6   | Noticed a dire elephant
 11029 | Lair:6   | Noticed a dire elephant
 11068 | Lair:6   | Noticed a dire elephant
 11089 | Lair:6   | Noticed a dire elephant
 11095 | Lair:6   | Noticed a dire elephant
 11107 | Lair:6   | Killed a dire elephant
 11109 | Lair:6   | Killed a dire elephant
 11117 | Lair:6   | Killed a dire elephant
 11161 | Lair:6   | Killed a dire elephant
 11195 | Lair:6   | Killed a dire elephant
 11333 | Lair:6   | Killed a dire elephant
 11362 | Lair:6   | Got a pair of shimmering gloves
 11373 | Lair:6   | Identified the +0 pair of gloves of Honesty {rElec Str+3} (You found it on level 6 of the Lair of Beasts)
 11612 | Lair:6   | Upgraded the game from 0.21-a0-630-g344d351 to 0.21-a0-632-g1e37ce5
 11615 | Lair:6   | Learned a level 2 spell: Song of Slaying
 12005 | Orc:1    | Entered Level 1 of the Orcish Mines
 12130 | Orc:1    | Found a bloodstained altar of Trog.
 12269 | Orc:2    | Entered Level 2 of the Orcish Mines
 12322 | Orc:2    | Found a roughly hewn altar of Beogh.
 12348 | Orc:2    | Found Lakeemamue's Assorted Antiques.
 12355 | Orc:2    | Bought a scroll labeled OCEMIKHL LITUQE for 32 gold pieces
 12355 | Orc:2    | Bought a pair of glowing boots for 240 gold pieces
 12355 | Orc:2    | Bought a shiny ivory wand for 128 gold pieces
 12490 | Orc:2    | Found a roughly hewn altar of Beogh.
 12497 | Orc:2    | Found Duopnuj's Antique Weapon Boutique.
 12721 | Orc:2    | Noticed Josephine
 12795 | Orc:2    | Reached XP level 14. HP: 118/118 MP: 11/25
 12808 | Orc:2    | Killed Josephine
 12872 | Orc:2    | Found a roughly hewn altar of Beogh.
 12971 | Orc:2    | Reached skill level 12 in Unarmed Combat
 12979 | Orc:2    | Found a staircase to the Elven Halls.
 13470 | Orc:2    | Noticed Saint Roka
 13500 | Orc:2    | Killed Saint Roka
 13502 | Orc:2    | Found Xuxoresch's Antique Armour Shop.
 13527 | Orc:2    | Found a roughly hewn altar of Beogh.
 13530 | Orc:2    | Found Ithi Aph's Antique Weapon Boutique.
 13536 | Orc:2    | Bought a runed troll leather armour for 414 gold pieces
 13609 | Orc:2    | Bought a potion of curing for 96 gold pieces
 13661 | D:10     | Entered Level 10 of the Dungeon
 13718 | D:10     | Noticed Harold
 13726 | D:10     | Reached skill level 13 in Unarmed Combat
 13732 | D:10     | Killed Harold
 13795 | D:10     | Found the +12 mace of Variability {chaos}
 13805 | D:10     | Found a shimmering altar of Xom.
 14103 | D:11     | Noticed Snorg
 14121 | D:11     | Killed Snorg
 14315 | D:11     | Noticed Nergalle
 14327 | D:11     | Killed Nergalle
 14367 | D:11     | Noticed Fannar
 14373 | D:11     | Killed Fannar
 14751 | D:12     | Reached skill level 14 in Unarmed Combat
 14753 | D:12     | Noticed Salmacis's ghost (journeyman HOFi)
 14778 | D:12     | Killed Salmacis's ghost
 15343 | D:13     | Found Goesisox's Armour Boutique.
 15455 | D:13     | Found a portal to a secret trove of treasure.
 15646 | D:14     | Found a stormy altar of Qazlal.
 15668 | D:14     | Found a gate to the Vaults.
 15688 | D:14     | Reached skill level 15 in Unarmed Combat
 15823 | D:14     | Reached XP level 15. HP: 116/124 MP: 3/27
 15883 | D:14     | Found Sonkiy's Armour Boutique.
 15963 | D:15     | Entered Level 15 of the Dungeon
 16105 | D:15     | Learned a level 3 spell: Ozocubu's Armour
 16122 | D:15     | Found an opulent altar of Gozag.
 16358 | D:15     | Reached skill level 5 in Charms
 16364 | D:15     | Paralysed by a great orb of eyes for 2 turns
 16424 | D:15     | Got a clouded iron ring
 16428 | D:15     | Identified the ring "Guck" {rPois rC+ Int-4 Dex+3 SInv} (You found it on level 15 of the Dungeon)
 16444 | D:15     | Found a glowing golden altar of the Shining One.
 16494 | D:15     | Found a staircase to the Depths.
 16579 | D:15     | Reached skill level 16 in Unarmed Combat
 16618 | D:15     | Noticed a storm dragon
 16629 | D:15     | Killed a storm dragon
 16630 | D:15     | Paralysed by a floating eye for 3 turns
 16930 | D:15     | Got a smoking ivory ring
 16936 | D:15     | Identified the ring of Wu Jian's Pride {rCorr rN+} (You found it on level 15 of the Dungeon)
 16945 | D:15     | Found a blossoming altar of Fedhas.
 17273 | D:15     | Got a fine platinum ring
 17279 | D:15     | Identified the ring "Sizaha Kuimm" {rPois EV+4 Int+2 Dex+3} (You found it on level 15 of the Dungeon)
 17516 | Elf:1    | Entered Level 1 of the Elven Halls
 17659 | Elf:1    | Got a flickering lapis lazuli ring
 17663 | Elf:1    | Identified the ring "Vos Ylima" {*Slow rPois Dex+2 SInv Stlth+} (You found it on level 1 of the Elven Halls)
 17824 | Elf:1    | Reached skill level 5 in Necromancy
 18505 | Elf:2    | Reached XP level 16. HP: 117/132 MP: 2/28
 18979 | Elf:2    | Found a huge runed gate.
 18979 | Elf:2    | Found a huge runed gate.
 18980 | Elf:2    | Found a huge runed gate.
 18981 | Elf:2    | Found a huge runed gate.
 18987 | Elf:2    | Found a huge runed gate.
 19031 | Elf:2    | Noticed Asterion
 19046 | Elf:2    | Killed Asterion
 19669 | Elf:3    | Entered Level 3 of the Elven Halls
 20137 | Elf:3    | Found an ancient bone altar of Kikubaaqudgha.
 20523 | Elf:3    | Reached skill level 15 in Transmutations
 20532 | Elf:3    | Cast into level 3 of the Abyss (a deep elf sorcerer)
 20532 | Abyss:3  | Found a corrupted altar of Lugonu.
 20692 | Abyss:3  | Noticed a tentacled starspawn
 20696 | Abyss:3  | Killed a tentacled starspawn
 20764 | Abyss:3  | Reached skill level 10 in Fighting
 20770 | Abyss:3  | Noticed a tentacled starspawn
 20776 | Abyss:3  | Killed a tentacled starspawn
 20776 | Abyss:3  | Reached XP level 17. HP: 124/140 MP: 15/30
 20851 | Elf:3    | Escaped the Abyss
 20947 | Elf:3    | Noticed a Tzitzimitl
 21125 | Elf:3    | Got a scintillating golden amulet
 21346 | Elf:3    | Noticed a deep elf blademaster
 21359 | Elf:3    | Killed a deep elf blademaster
 21514 | Elf:3    | Got a sparkling bone ring
 21601 | Elf:3    | Identified the amulet "Lymaurar" {Reflect -Tele rElec rC+ Slay+3 SH+4} (You took it off a deep elf annihilator on level 3 of the Elven Halls)
 21608 | Elf:3    | Identified the cursed ring "Kuutoyxi" {MR+ AC-2} (You took it off a deep elf sorcerer on level 3 of the Elven Halls)
 21621 | Elf:3    | Noticed a deep elf blademaster
 21640 | Elf:3    | Killed a deep elf blademaster
 21963 | Elf:3    | Identified the Papyrus of Intoxication and the Mountains
 22032 | Elf:3    | Learned a level 4 spell: Petrify
 22038 | Elf:3    | Identified the Guide on Execration
 22096 | Elf:3    | Identified Ytuineru's Compendium of the Warped Blaze
 22307 | D:8      | Bought a scroll of amnesia for 42 gold pieces
 22403 | Snake:1  | Entered Level 1 of the Snake Pit
 22413 | Snake:1  | Reached skill level 1 in Earth Magic
 22758 | Snake:1  | Reached skill level 5 in Earth Magic
 23516 | Snake:3  | Found Sawox's Assorted Antiques.
 23587 | Snake:3  | Reached XP level 18. HP: 153/156 MP: 18/31
 23602 | Snake:3  | Learned a level 5 spell: Borgnjor's Vile Clutch
 23762 | Snake:4  | Entered Level 4 of the Snake Pit
 23772 | Snake:4  | Paralysed by a naga for 3 turns
 25203 | Snake:4  | Got a serpentine rune of Zot
 25476 | Vaults:1 | Entered Level 1 of the Vaults
 26037 | Vaults:1 | Identified a scroll of acquirement
 26508 | Vaults:2 | Upgraded the game from 0.21-a0-632-g1e37ce5 to 0.21-a0-633-g4c047d5
 26618 | Vaults:2 | Noticed Jory
 26658 | Vaults:2 | Killed Jory
 26876 | Vaults:2 | Reached XP level 19. HP: 165/165 MP: 6/32
 27114 | Vaults:2 | Reached skill level 15 in Dodging
 27326 | Vaults:2 | Reached skill level 1 in Armour
 27370 | Vaults:2 | Found a staircase to the Crypt.
 27423 | Vaults:2 | Learned a level 1 spell: Apportation
 27605 | Vaults:3 | Noticed Xtahua
 27673 | Vaults:3 | Found Elu Ojua's Weapon Boutique.
 27798 | Vaults:3 | Found an ancient bone altar of Kikubaaqudgha.
 27801 | Vaults:3 | Reached skill level 5 in Armour
 27925 | Vaults:3 | Found Urcho's Antique Armour Shop.
 27928 | Vaults:3 | Bought a fine leather armour for 182 gold pieces
 27928 | Vaults:3 | Identified the +1 leather armour of the Lizard {Regen+} (You bought it in a shop on level 3 of the Vaults)
 27996 | Vaults:3 | Killed Xtahua
 28182 | Vaults:3 | Found Voipruqyg's Jewellery Emporium.
 28190 | Vaults:3 | Bought the ring "Ozybod" {Int+3 Dex+3 Slay+3} for 710 gold pieces
 28201 | Vaults:3 | Found Roleroef's Assorted Antiques.
 28375 | Vaults:3 | Reached skill level 10 in Armour
 28465 | Vaults:3 | Found Imaob's Antique Armour Boutique.
 28527 | Vaults:3 | Bought a distressingly furry plate armour for 1232 gold pieces
 28569 | Vaults:3 | Identified the +1 plate armour of the Endless Expanse {*Slow rElec MR+} (You bought it in a shop on level 3 of the Vaults)
 28790 | Vaults:4 | Found a sacrificial altar of Ru.
 28842 | Vaults:4 | Identified Kelit's Grimoire of Damaging Evil (You acquired it on level 4 of the Vaults)
 29502 | Vaults:3 | Reached XP level 20. HP: 160/176 MP: 23/35
 29689 | Vaults:4 | Found Viamnegu's Book Shop.
 29720 | Vaults:4 | Bought a book of the Dragon for 900 gold pieces
 29729 | Vaults:4 | Learned a level 7 spell: Dragon Form
 30006 | Lair:4   | Found a staircase to the Swamp.
 30085 | Lair:5   | Found a staircase to the Slime Pits.
 30504 | Slime:1  | Entered Level 1 of the Pits of Slime
 30504 | Slime:1  | Noticed Donald
 30514 | Slime:1  | Killed Donald
 30610 | Slime:3  | Reached skill level 15 in Fighting
 30618 | Slime:3  | Reached skill level 1 in Ice Magic
 30811 | Slime:5  | Entered Level 5 of the Pits of Slime
 31041 | Slime:5  | Reached skill level 5 in Ice Magic
 31564 | Slime:5  | Gained mutation: Your body sometimes deteriorates upon taking damage. [a shining eye]
 31578 | Slime:5  | Gained mutation: You are clumsy. (Dex -2) [a shining eye]
 31588 | Slime:5  | Lost mutation: Your body sometimes deteriorates upon taking damage. [potion of mutation]
 31588 | Slime:5  | Lost mutation: Your muscles are strong. (Str +2) [potion of mutation]
 31588 | Slime:5  | Gained mutation: Your mind is acute. (Int +2) [potion of mutation]
 31889 | Slime:5  | Found a viscous altar of Jiyva.
 31915 | Slime:5  | Noticed the Royal Jelly
 31934 | Slime:5  | Killed the Royal Jelly
 32008 | Slime:4  | Lost mutation: Your movements are slightly less encumbered by armour. (ER -2) [potion of mutation]
 32008 | Slime:4  | Lost mutation: You are clumsy. (Dex -2) [potion of mutation]
 32008 | Slime:4  | Gained mutation: You expend magic power (3 MP) to strengthen your wands. [potion of mutation]
 32008 | Slime:4  | Gained mutation: Your spells are a little harder to cast, but a little more powerful. [potion of mutation]
 32249 | Slime:5  | Got a heavily runed scale mail
 32264 | Slime:5  | Got a smoking amber ring
 32277 | Slime:5  | Got a slimy rune of Zot
 32297 | Slime:5  | Identified the +1 scale mail "Tiereo" {+Blink rF++} (You found it on level 5 of the Pits of Slime)
 32298 | Slime:5  | Identified the ring of Ikhlo {+Fly rC+ Dex+2 Slay+3} (You found it on level 5 of the Pits of Slime)
 32308 | Slime:5  | Got a clouded silver amulet
 32324 | Slime:5  | Identified the amulet "Cikofant" {Harm *Drain rF+ Str+3} (You found it on level 5 of the Pits of Slime)
 32334 | Slime:5  | Got a warped pewter amulet
 32371 | Slime:5  | Identified the amulet "Nayhin" {Inacc +Inv Dex+5} (You found it on level 5 of the Pits of Slime)
 32398 | Slime:5  | Learned a level 6 spell: Hydra Form
 32763 | Vaults:5 | Entered Level 5 of the Vaults
 32789 | Vaults:5 | Noticed an ancient lich
 32799 | Vaults:5 | Reached XP level 21. HP: 184/184 MP: 22/36
 32800 | Vaults:5 | Noticed a golden dragon
 32800 | Vaults:5 | Killed an ancient lich
 32826 | Vaults:4 | Killed a golden dragon
 32926 | Vaults:5 | Reached skill level 17 in Unarmed Combat
 33056 | Vaults:5 | Got a heavily runed amber ring
 33059 | Vaults:5 | Identified the ring of Xom's Fair Game {rElec Int+4 SInv} (You took it off a yaktaur captain on level 5 of the Vaults)
 33099 | Vaults:5 | Got a silver rune of Zot
 33189 | Vaults:5 | Learned a level 7 spell: Dragon Form
 33236 | Vaults:5 | Got a fine golden ring
 33249 | Vaults:5 | Identified the Tome of the Harmful Snowflakes
 33383 | Vaults:5 | Reached skill level 18 in Unarmed Combat
 33472 | Vaults:5 | Noticed an ancient lich
 33502 | Vaults:5 | Killed an ancient lich
 33553 | Vaults:5 | Identified the ring of Ykydeiwu {Fire Str+3 Int+3} (You found it on level 5 of the Vaults)
 33635 | Vaults:5 | Got a scorched leather armour
 33646 | Vaults:5 | Identified the +1 leather armour of Yredelemnul's Outrage {Int+3 Dex+3} (You found it on level 5 of the Vaults)
 34051 | Depths:1 | Entered Level 1 of the Depths
 34269 | Depths:1 | Reached XP level 22. HP: 192/192 MP: 27/37
 34293 | Depths:1 | Noticed Nikola
 34299 | Depths:1 | Killed Nikola
 34419 | Depths:1 | Reached skill level 19 in Unarmed Combat
 34538 | Depths:1 | Got a pair of spiked boots
 34549 | Depths:1 | Identified the cursed +0 pair of boots of Gallantry {rC- Int+2 SInv} (You found it on level 1 of the Depths)
 34603 | Depths:2 | Found a gateway to Hell.
 34648 | Depths:2 | Found Ribohas's Gadget Boutique.
 34650 | Depths:2 | Found Ehitt's Magic Scroll Shop.
 34652 | Depths:2 | Found Xuixolud's Magic Scroll Boutique.
 34658 | Depths:2 | Bought a scroll of blinking for 105 gold pieces
 34658 | Depths:2 | Bought a scroll of summoning for 133 gold pieces
 34658 | Depths:2 | Bought a scroll of blinking for 105 gold pieces
 34660 | Depths:2 | Bought a scroll of amnesia for 66 gold pieces
 34660 | Depths:2 | Bought a scroll of summoning for 180 gold pieces
 34660 | Depths:2 | Bought a scroll of blinking for 142 gold pieces
 34671 | Depths:2 | Bought a scroll of amnesia for 66 gold pieces
 34679 | Depths:2 | Learned a level 6 spell: Hydra Form
 34731 | Depths:3 | Paralysed by a floating eye for 4 turns
 34765 | Depths:2 | Reached skill level 1 in Translocations
 34775 | Depths:3 | Paralysed by a floating eye for 4 turns
 34921 | Depths:3 | Found a one-way gate leading to the halls of Pandemonium.
 35086 | Depths:4 | Noticed Margery
 35099 | Depths:4 | Killed Margery
 35209 | Depths:5 | Entered Level 5 of the Depths
 35395 | Depths:5 | Reached skill level 20 in Unarmed Combat
 35443 | Depths:5 | Found a gate to the Realm of Zot.
 35461 | Zot:1    | Entered Level 1 of the Realm of Zot
 35574 | Zot:1    | Got a scintillating diamond amulet
 35575 | Zot:1    | Identified the amulet of Arawk {Reflect *Corrode rPois rN++ Str+4 SH+2} (You acquired it on level 1 of the Realm of Zot)
 35862 | Zot:1    | Gained mutation: You are frail. (-10% HP) [mutagenic glow]
 35873 | Zot:1    | Lost mutation: You are frail. (-10% HP) [potion of mutation]
 35873 | Zot:1    | Lost mutation: Your mind is acute. (Int +2) [potion of mutation]
 35873 | Zot:1    | Gained mutation: You are clumsy. (Dex -2) [potion of mutation]
 35873 | Zot:1    | Gained mutation: You have sharp toenails. [potion of mutation]
 35873 | Zot:1    | Gained mutation: You are frail. (-10% HP) [potion of mutation]
 35873 | Zot:1    | Lost mutation: You are clumsy. (Dex -2) [potion of mutation]
 35874 | Zot:1    | Lost mutation: You expend magic power (3 MP) to strengthen your wands. [potion of mutation]
 35874 | Zot:1    | Lost mutation: You are frail. (-10% HP) [potion of mutation]
 35874 | Zot:1    | Gained mutation: You evolve. [potion of mutation]
 35874 | Zot:1    | Gained mutation: You are frail. (-10% HP) [potion of mutation]
 35874 | Zot:1    | Gained mutation: Your mind is acute. (Int +2) [potion of mutation]
 35881 | Zot:1    | Gained mutation: You tend to lose your temper in combat. [mutagenic glow]
 35927 | Depths:5 | Gained mutation: Your body sometimes deteriorates upon taking damage. [mutagenic glow]
 36151 | Zot:2    | Reached skill level 21 in Unarmed Combat
 36382 | Zot:3    | Noticed an ancient lich
 36392 | Zot:3    | Killed an ancient lich
 36398 | Zot:3    | Reached XP level 23. HP: 179/179 MP: 38/38
 36618 | Zot:5    | Entered Level 5 of the Realm of Zot
 36649 | Zot:4    | HP: 6/234 [something (6)]
 36650 | Zot:4    | Slain by a ghost moth

Vault maps used:
D:1:      eino_arrival_water_star, solitary_fountain
D:2:      first_ration
D:3:      wad_river_or_something, lemuel_crystal_altar, dancing_weapons_uskayaw,
          uniq_ijyb
D:4:      lightli_temple_of_fire, serial_shops, nicolae_shop_waterfront
D:5:      kennysheep_mini_moat, uniq_eustachio
D:6:      wad_floor_pattern_1, serial_park_tiny_2
D:7:      yredelemnul_altar_generic, minmay_temple_entry_purple_smoke,
          uniq_crazy_yiuf_cottage
D:8:      cheibrodos_shockbox, tso_oasis_becter, lemuel_crystal_altar,
          serial_shops, nicolae_shop_stone, uniq_maurice
D:9:      fedhas_altar_3, lemuel_crystal_altar, slow_altar_2, lair_entry_dummy,
          david_orc_3, special_room
D:10:     the_bakery, minmay_guarded_unrand_variability, uniq_harold
D:11:     nicolae_ru_the_path_less_chosen, uniq_nergalle, uniq_fannar,
          uniq_snorg
D:12:     minmay_the_grid_net
D:13:     trove_entry_hex_spiral, serial_shops, shop
D:14:     lightli_vaults_fourway_checkpoint, basic_altar, serial_shops,
          nicolae_shop_statue_plus, kennysheep_another_room, kennysheep_path_1,
          uniq_roxanne
D:15:     hangedman_spin_cycle, serial_shops
Lair:1:   nicolae_volcano_entry_s_turn, kennysheep_snail_temple,
          infiniplex_staircase_pool_2
Lair:2:   uniq_erica, uniq_sonja
Lair:3:   dummy_snake_entry, portal_ice_cave_entry_imps, grunt_megastairs_5
Lair:4:   swamp_mist_pool, cheibrodos_lair_reptile_den
Lair:5:   dpeg_slime_entry_corner, lab_entry_generic, eino_house_with_fridge
Lair:6:   due_jungle_book, lemuel_fruit_tree
Snake:1:  st_stairs_13
Snake:3:  serial_shops, shop_fountains, st_stairs_10, grunt_ministairs_5
Snake:4:  grunt_snake_rune_pools
Slime:1:  uniq_donald
Slime:2:  nicolae_slime_phagocytosis
Orc:1:    basic_altar, nicolae_orc_sculptors_studio
Orc:2:    grunt_orc_community_town_hall, grunt_orc_community_big_house_2,
          grunt_orc_community_big_house_2, grunt_orc_community_house_2,
          grunt_orc_community_house_3, grunt_orc_community_house_2,
          grunt_orc_community_house_3, grunt_orc_community_house_1,
          grunt_orc_community_house_1, uniq_josephine
Elf:1:    minivault_28
Elf:2:    grunt_ministairs_11, minivault_23, spider_trap, uniq_asterion
Elf:3:    grunt_elf_hall_asides, basic_altar
Vaults:1: nicolae_vaults_shelves_hall, nicolae_vaults_quadrants,
          hangedman_vaults_corner_blocks, v_misc_19, v_misc_1, v_misc_10,
          nicolae_vaults_network_square, hangedman_vaults_stagger,
          hangedman_vaults_corner, grunt_vaults_focal, vaults_standard_mumra_x
Vaults:2: blue_anna_dwarven_crypt, v_misc_33, hangedman_vaults_cutoff,
          v_pattern_1, hangedman_vaults_locks, v_misc_8,
          grunt_vaults_hallway_long, v_misc_4, ontoclasm_vaults_ring_square,
          hangedman_vaults_slice, uniq_jory
Vaults:3: vaults_room_large_hall, vaults_room_pools, grunt_vaults_hallway_short,
          v_pattern_4, v_misc_22, v_misc_30, vaults_mumra_chevron,
          nicolae_vaults_little_squares_6, serial_shops, nicolae_shop_stone,
          shop, shop, nicolae_shop_behind_doors, shop, basic_altar, uniq_xtahua,
          uniq_saint_roka
Vaults:4: v_misc_32, v_misc_10, nicolae_vaults_specimen_jars,
          nicolae_vaults_ninety_degrees, hangedman_vaults_stitches, v_misc_1,
          v_alt_pattern_6, ontoclasm_vaults_decontamination, v_misc_17,
          ontoclasm_vaults_gateway, serial_shops, shop, basic_altar
Depths:1: hell_entry, chequers_big_river, lightli_corner_chamber,
          minmay_shop_grove, serial_bayou_shore_a, uniq_nikola
Depths:2: minmay_nine_rooms, enter_ziggurat_b, hell_entry, abyss_entry_crystal,
          minmay_misc_feat_columns, minmay_shop_star,
          infiniplex_staircase_spiral, grunt_megastairs_2
Depths:3: hangedman_stitches_corridor, serial_sigils_hangedman_confine,
          hell_entry, pan_entry, abyss_entry, infiniplex_staircase_zigzag_2,
          kennysheep_random_hallway
Depths:4: minmay_box_of_statues, serial_shops, nicolae_shop_behind_doors,
          minmay_room_of_horrors, grunt_hell_entry_dis_old, st_stairs_6,
          uniq_margery
Depths:5: grunt_zot_entry_gee_three, hell_entry, abyss_entry,
          hangedman_summoners_spam
Zot:1:    grunt_deathspiral_small
Zot:2:    grunt_twist_and_shout
Zot:3:    grunt_ministairs_9, hangedman_snap_crack_crunch, lemuel_elevator
Lab:      labyrinth_mini_lab, labyrinth_lava_lair, nicolae_lab_hexagon,
          labyrinth_glass_1, nicolae_lab_very_dead_end, labyrinth_fake_exit,
          nicolae_lab_stuck, nicolae_lab_quarters, nicolae_lab_plus, lab_block,
          nicolae_lab_starburst, nicolae_lab_big_swirl, lab_hedge,
          labyrinth_skeletal_remains, nicolae_lab_blocks, nicolae_lab_x,
          nicolae_lab_diamond, lab_fountain, nicolae_lab_dead_end,
          nicolae_lab_grate, nicolae_lab_garden, nicolae_lab_flowing_pool,
          nicolae_lab_arrow, nicolae_lab_statue
IceCv:    ice_cave_tombish
Volcano:  volcano_pools

Skill      XL: |  1  2  3  4  5  6  7  8  9 10 11 12 13 14 15 16 17 18 19 20 21 22 |
---------------+-------------------------------------------------------------------+-----
Transmutations | 2 3 4 5 8 10 11 15 | 15.1
Dodging        | 4 5 7 9 11 13 14 15 16 18 | 18.1
Unarmed Combat | 5 6 8 11 15 16 18 21 | 21.6
Fighting       | 7 9 10 12 13 14 15 | 15.7
Spellcasting   | 5 6 7 |  7.0
Charms         | 1 3 5 7 |  7.3
Necromancy     | 3 5 9 |  9.0
Earth Magic    | 8 9 |  9.1
Armour         | 12 | 12.2
Ice Magic      | 7 |  7.1
Translocations | 3 |  3.5

Action                   |  1- 3 |  4- 6 |  7- 9 | 10-12 | 13-15 | 16-18 | 19-21 | 22-24 || total
-------------------------+-------+-------+-------+-------+-------+-------+-------+-------++-------
Melee: Unarmed           |   117 |   142 |   295 |   736 |  1117 |  1270 |   800 |   437 ||  4914
       Kick              |     3 |     1 |       |       |       |       |       |       ||     4
       Headbutt          |     8 |       |       |       |       |       |       |       ||     8
       Punch             |     4 |       |     1 |    21 |    86 |   171 |    80 |    40 ||   403
       Staff             |       |       |       |       |       |     2 |    11 |       ||    13
       Bite              |       |       |       |       |       |       |    70 |    33 ||   103
       Tailslap          |       |       |       |       |       |       |    59 |    43 ||   102
 Fire: Blowgun           |       |       |       |       |    40 |       |       |       ||    40
Throw: Tomahawk          |       |       |     1 |       |       |       |       |       ||     1
       Throwing net      |       |       |       |       |     1 |       |       |       ||     1
 Cast: Beastly Appendage |    22 |     2 |       |       |       |       |       |       ||    24
       Spider Form       |    10 |    24 |    26 |     1 |       |     1 |     1 |       ||    63
       Sticks to Snakes  |       |     6 |    10 |     8 |    24 |    27 |    11 |       ||    86
       Ice Form          |       |       |    12 |    23 |     2 |       |       |       ||    37
       Blade Hands       |       |       |       |    37 |   125 |   118 |    35 |     3 ||   318
       Regeneration      |       |       |       |     4 |    55 |    69 |    69 |    44 ||   241
       Song of Slaying   |       |       |       |       |    24 |    12 |    32 |    11 ||    79
       Ozocubu's Armour  |       |       |       |       |    22 |    62 |    64 |    31 ||   179
       Blink             |       |       |       |       |       |     2 |       |       ||     2
       Petrify           |       |       |       |       |       |    23 |       |       ||    23
       Borgnjor's Vile C |       |       |       |       |       |     6 |    31 |       ||    37
       Dragon Form       |       |       |       |       |       |       |    21 |    12 ||    33
       Hydra Form        |       |       |       |       |       |       |     5 |    14 ||    19
       Apportation       |       |       |       |       |       |       |       |     1 ||     1
 Abil: End Transformatio |       |     1 |     2 |     5 |    25 |    24 |     9 |    11 ||    77
       Breathe Fire      |       |       |       |       |       |       |     2 |       ||     2
Evoke: Wand              |       |     5 |     2 |    22 |     4 |       |       |       ||    33
  Use: Scroll            |     1 |     3 |     3 |    17 |    17 |    19 |    25 |     9 ||    94
       Potion            |       |     2 |     5 |    14 |     5 |     2 |    13 |     5 ||    46
 Stab: Paralysed         |       |    15 |     5 |    27 |       |       |       |       ||    47
       Sleeping          |       |     2 |     5 |     6 |    10 |     4 |     6 |     2 ||    35
       Distracted        |       |       |     2 |       |     2 |     2 |     5 |       ||    11
       Invisible         |       |       |       |     4 |       |       |       |       ||     4
       Petrified         |       |       |       |       |       |    19 |       |       ||    19
       Petrifying        |       |       |       |       |       |     2 |       |       ||     2
  Eat: Chunk             |     3 |     9 |    12 |    12 |    56 |    26 |    29 |     4 ||   151
       Ration            |       |       |     1 |     7 |     5 |    13 |     9 |     1 ||    36
Armor: Robe              |    25 |     6 |     1 |     8 |       |       |       |       ||    40
       Skin              |     1 |     2 |    16 |    91 |       |       |   113 |   185 ||   408
       Ring mail         |       |       |     3 |    40 |    70 |       |       |       ||   113
       Fire dragon scale |       |       |       |    52 |       |       |       |       ||    52
       Chain mail        |       |       |       |    24 |       |       |       |       ||    24
       Troll leather arm |       |       |       |       |   132 |   193 |    51 |     9 ||   385
Dodge: Dodged            |    72 |    96 |   253 |   557 |   801 |  1076 |   971 |   530 ||  4356
Block: Other             |       |       |       |       |       |    97 |   103 |    59 ||   259
       Reflection        |       |       |       |       |       |    12 |    12 |     1 ||    25

Table legend:
 A = Spawn XP
 B = Non-spawn XP
 C = Spawn XP percentage of total XP
 D = Spawn monster count
 E = Non-spawn monster count
 F = Spawn count percentage of total count
 G = Total turns spent on level
                    A         B        C        D         E        F      G
               +---------+---------+-------+---------+---------+-------+---------
         Total |    6986 | 1026884 |   0.7 |      14 |    1787 |   0.8 | 36650
               +---------+---------+-------+---------+---------+-------+---------
           D:1 |       0 |      42 |   0.0 |       0 |      25 |   0.0 |   568
           D:2 |       0 |      22 |   0.0 |       0 |       7 |   0.0 |   475
           D:3 |       0 |     147 |   0.0 |       0 |      26 |   0.0 |   773
           D:4 |       0 |     231 |   0.0 |       0 |      18 |   0.0 |   687
           D:5 |       0 |     569 |   0.0 |       0 |      10 |   0.0 |   476
           D:6 |       0 |     477 |   0.0 |       0 |      16 |   0.0 |   434
           D:7 |       0 |    1130 |   0.0 |       0 |      17 |   0.0 |   647
           D:8 |       0 |    1830 |   0.0 |       0 |      26 |   0.0 |   756
           D:9 |       0 |    5346 |   0.0 |       0 |      70 |   0.0 |  1209
          D:10 |       0 |    3414 |   0.0 |       0 |      30 |   0.0 |   505
          D:11 |       0 |    4669 |   0.0 |       0 |      10 |   0.0 |   548
          D:12 |       0 |   11788 |   0.0 |       0 |      47 |   0.0 |   637
          D:13 |       0 |     748 |   0.0 |       0 |       5 |   0.0 |   559
          D:14 |       0 |   14447 |   0.0 |       0 |      28 |   0.0 |   451
          D:15 |       0 |   40188 |   0.0 |       0 |      70 |   0.0 |  1427
        Lair:1 |       0 |    3719 |   0.0 |       0 |      18 |   0.0 |   776
        Lair:2 |       0 |    3311 |   0.0 |       0 |      10 |   0.0 |   809
        Lair:3 |       0 |    5564 |   0.0 |       0 |      37 |   0.0 |   630
        Lair:4 |       0 |    6595 |   0.0 |       0 |      23 |   0.0 |   610
        Lair:5 |       0 |    4252 |   0.0 |       0 |      17 |   0.0 |   674
        Lair:6 |       0 |   22617 |   0.0 |       0 |      53 |   0.0 |  1344
       Snake:1 |       0 |   19426 |   0.0 |       0 |      36 |   0.0 |   542
       Snake:2 |       0 |   11710 |   0.0 |       0 |      20 |   0.0 |   400
       Snake:3 |       0 |   14638 |   0.0 |       0 |      24 |   0.0 |   594
       Snake:4 |       0 |   57268 |   0.0 |       0 |      90 |   0.0 |  1395
       Slime:1 |       0 |    2021 |   0.0 |       0 |       1 |   0.0 |    68
       Slime:2 |       0 |    2734 |   0.0 |       0 |       6 |   0.0 |    44
       Slime:3 |       0 |    4489 |   0.0 |       0 |       5 |   0.0 |    30
       Slime:4 |       0 |   23997 |   0.0 |       0 |      30 |   0.0 |   882
       Slime:5 |       0 |   44073 |   0.0 |       0 |      52 |   0.0 |   940
         Orc:1 |       0 |    2684 |   0.0 |       0 |      30 |   0.0 |   369
         Orc:2 |       0 |   18627 |   0.0 |       0 |     119 |   0.0 |  1402
         Elf:1 |       0 |   17034 |   0.0 |       0 |      38 |   0.0 |   964
         Elf:2 |       0 |   46131 |   0.0 |       0 |      60 |   0.0 |  1339
         Elf:3 |       0 |   63167 |   0.0 |       0 |      62 |   0.0 |  2060
      Vaults:1 |       0 |   20640 |   0.0 |       0 |      35 |   0.0 |   975
      Vaults:2 |       0 |   45533 |   0.0 |       0 |      79 |   0.0 |  1198
      Vaults:3 |       0 |   47106 |   0.0 |       0 |      86 |   0.0 |  1407
      Vaults:4 |       0 |   69046 |   0.0 |       0 |      84 |   0.0 |  1155
      Vaults:5 |       0 |  155132 |   0.0 |       0 |     128 |   0.0 |  1011
      Depths:1 |       0 |   39316 |   0.0 |       0 |      52 |   0.0 |   525
      Depths:2 |       0 |    5081 |   0.0 |       0 |       6 |   0.0 |   248
      Depths:3 |       0 |   10854 |   0.0 |       0 |      15 |   0.0 |   230
      Depths:4 |       0 |   13696 |   0.0 |       0 |      15 |   0.0 |   157
      Depths:5 |       0 |   26115 |   0.0 |       0 |      23 |   0.0 |   358
         Zot:1 |       0 |   13027 |   0.0 |       0 |       8 |   0.0 |   404
         Zot:2 |       0 |   47127 |   0.0 |       0 |      36 |   0.0 |   386
         Zot:3 |       0 |   37297 |   0.0 |       0 |      17 |   0.0 |   119
         Zot:4 |       0 |   16466 |   0.0 |       0 |      11 |   0.0 |   143
         Zot:5 |       0 |    3540 |   0.0 |       0 |       2 |   0.0 |    29
       Abyss:3 |    6986 |    6763 |  50.8 |      14 |      11 |  56.0 |   319
           Lab |       0 |    2275 |   0.0 |       0 |       8 |   0.0 |   253
         IceCv |       0 |    4845 |   0.0 |       0 |      22 |   0.0 |  1074
       Volcano |       0 |    3920 |   0.0 |       0 |      13 |   0.0 |   635
               +---------+---------+-------+---------+---------+-------+---------
